 Dungeon Crawl Stone Soup version 0.31.0-11-ge490571c62 (webtiles) character file.

Game seed: 9042630900247594603

735 theswoord the Cruncher (level 7, -6/50 HPs)
             Began as a Demonspawn Gladiator on Feb 2, 2024.
             Was an Initiate of Wu Jian.
             Mangled by Pikel
             ... wielding a +1 whip of freezing
              (7 damage)
             ... on level 4 of the Dungeon.
             The game lasted 00:05:13 (3591 turns).

theswoord the Cruncher (Demonspawn Gladiator)       Turns: 3591, Time: 00:05:15

Health: -6/50      AC: 10    Str: 16    XL:     7   Next: 45%
Magic:  7/7        EV: 10    Int: 14    God:    Wu Jian [......]
Gold:   182        SH:  0    Dex: 15    Spells: 6/6 levels left

rFire   . . .        a - +0 quarterstaff
rCold   . . .        (shield currently unavailable)
rNeg    . . .        l - +0 chain mail
rPois   .            c - +1 helmet
rElec   .            (no cloak)
rCorr   .            (no gloves)
SInv    .            (no boots)
Will    .....        (no amulet) Stlth
                     g - +4 ring of slaying
HPRegen 0.28/turn    i - +6 ring of intelligence
MPRegen 0.10/turn

%: no passive effects
@: brilliant
A: hooves 2, powered by pain 1, sturdy frame 2
a: Renounce Religion


You were on level 4 of the Dungeon.
You worshipped Wu Jian.
Wu Jian was noncommittal.
You visited 1 branch of the dungeon, and saw 5 of its levels.

You collected 182 gold pieces.

Inventory:

Hand Weapons
 a - a +0 quarterstaff (weapon)
 n - a +0 whip of electrocution
Missiles
 d - 5 throwing nets (quivered)
 e - a javelin
Armour
 b - a +0 leather armour
 c - a +1 helmet (worn)
 l - a +0 chain mail (worn)
Jewellery
 g - a +4 ring of slaying (left hand)
 i - a +6 ring of intelligence (right hand)
Wands
 j - a wand of iceblast (10)
 m - a wand of charming (6)
Scrolls
 f - a scroll of revelation
 h - 2 scrolls of enchant armour


   Skills:
 - Level 2.0 Fighting
 + Level 8.1 Staves
 - Level 1.7 Throwing
 - Level 2.6 Dodging


You had 6 spell levels left.
You didn't know any spells.
Your spell library was empty.

Dungeon Overview and Level Annotations

Branches:
Dungeon (5/15)
 Temple: D:4-7

Altars:
Ru
Wu Jian

Annotations:
D:4 Pikel


Innate Abilities, Weirdness & Mutations

You have hoof-like feet.
You sometimes gain a little power by taking damage.
Your movements are less encumbered by armour. (ER -4)


Message History

The phantom hits you but does no damage.
Pikel hits you with a +1 whip of freezing.
* * * LOW HITPOINT WARNING * * *
Pikel freezes you.
* * * LOW HITPOINT WARNING * * *
The lemure hits you.
* * * LOW HITPOINT WARNING * * *
The orc wizard mumbles some strange words.
The orc wizard flickers and vanishes!
A bombardier beetle comes into view.
Okay, then.
Okay, then.
Pikel attacks as he pursues you!
Pikel hits you with a +1 whip of freezing.
* * * LOW HITPOINT WARNING * * *
Pikel freezes you.
* * * LOW HITPOINT WARNING * * *
Pikel attacks as he pursues you! Pikel closely misses you.
The lemure attacks as it pursues you! The lemure closely misses you.
The bombardier beetle bites you.
* * * LOW HITPOINT WARNING * * *
There is an escape hatch in the ceiling here.
The sentinel's mark upon you fades away.
The lemure hits you.
* * * LOW HITPOINT WARNING * * *
Pikel hits you with a +1 whip of freezing!
* * * LOW HITPOINT WARNING * * *
Pikel freezes you.
* * * LOW HITPOINT WARNING * * *
The bombardier beetle bites you but does no damage.
A mysterious force pulls you upwards. The hatch slams shut behind you.
Reactivating autopickup.
Okay, then.
It was a potion of brilliance.
You feel clever all of a sudden. The lemure hits you.
* * * LOW HITPOINT WARNING * * *
Pikel hits you with a +1 whip of freezing!
You die...
Pikel says, "See you in Hell!"

##............#......
#..................##
#.............####.#
#..................#
#..............###.#
#.####.........#...##
#....).##.######.#...
#..B...##.....##.#.##
#...@..######.##...#
#...5K.#...........#
#......#...#.....###
#......#...#####.#
#.....##..)# ##.####
#.....##...# #......
#.....##...# #......
#.....##...# #......
#.........)####......


You could see Pikel, a lemure and a bombardier beetle.

Vanquished Creatures
  An ice beast (D:5)
  A phantom (D:4)
  2 scorpions
  3 wights (D:5)
  2 hounds
  A bombardier beetle (D:4)
  An orc priest (D:3)
  An iguana (D:4)
  Ijyb (D:4)
  An orc wizard (D:4)
  4 gnolls (D:3)
  An adder (D:2)
  2 dart slugs
  A ribbon worm (D:3)
  10 orcs
  4 ball pythons
  8 bats
  7 endoplasms
  2 giant cockroaches
  2 goblins
  3 hobgoblins
  A quokka (D:1)
  5 kobolds
  5 rats
69 creatures vanquished.

Notes
Turn   | Place    | Note
-------+----------+-------------------------------------------
     0 | D:1      | theswoord the Demonspawn Gladiator began the quest for the
                  | Orb.
     0 | D:1      | Reached XP level 1. HP: 16/16 MP: 1/1
    56 | D:1      | Reached skill level 3 in Staves
   263 | D:1      | Gained mutation: Your movements are slightly less
                  | encumbered by armour. (ER -2) [demonic ancestry]
   263 | D:1      | Reached XP level 2. HP: 22/22 MP: 2/2
  1117 | D:2      | Gained mutation: You have large cloven feet. [demonic
                  | ancestry]
  1117 | D:2      | Reached XP level 3. HP: 24/27 MP: 3/3
  1162 | D:2      | Reached skill level 4 in Staves
  1912 | D:3      | Gained mutation: You sometimes gain a little power by
                  | taking damage. [demonic ancestry]
  1912 | D:3      | Reached XP level 4. HP: 32/33 MP: 4/4
  2241 | D:3      | Reached skill level 5 in Staves
  2510 | D:4      | Noticed a scorpion
  2513 | D:4      | Killed a scorpion
  2514 | D:4      | Gained mutation: You have hoof-like feet. [demonic
                  | ancestry]
  2514 | D:4      | Reached XP level 5. HP: 28/38 MP: 5/5
  2602 | D:4      | Noticed a phantom
  2613 | D:4      | Killed a phantom
  2614 | D:4      | Reached skill level 6 in Staves
  2614 | D:4      | Gained mutation: Your movements are less encumbered by
                  | armour. (ER -4) [demonic ancestry]
  2614 | D:4      | Reached XP level 6. HP: 36/44 MP: 6/6
  2857 | D:4      | Found an ornate altar of the Wu Jian Council.
  2865 | D:4      | Became a worshipper of the Wu Jian Council
  2899 | D:4      | Found a sacrificial altar of Ru.
  3284 | D:5      | Entered Level 5 of the Dungeon
  3284 | D:5      | Noticed an ice beast
  3290 | D:5      | Killed an ice beast
  3291 | D:5      | Reached skill level 7 in Staves
  3389 | D:5      | Noticed Ijyb
  3400 | D:4      | Killed Ijyb
  3442 | D:5      | Reached XP level 7. HP: 48/50 MP: 7/7
  3568 | D:5      | Reached skill level 8 in Staves
  3575 | D:5      | Noticed Pikel
  3589 | D:5      | HP: 2/50 [Pikel/+1 whip of freezing (1)]
  3591 | D:4      | Mangled by Pikel

Skill      XL: |  1  2  3  4  5  6  7 |
---------------+----------------------+-----
Staves         | 3 4 5 6 7 8 |  8.1
Fighting       | |  2.0
Throwing       | |  1.7
Dodging        | |  2.6

Action                     |  1- 3 |  4- 6 |  7- 9 || total
---------------------------+-------+-------+-------++-------
  Melee: Quarterstaff      |    79 |    90 |    18 ||   187
         Kick              |     5 |    25 |     6 ||    36
Ability: Lunge             |       |     4 |     3 ||     7
    Use: Scroll            |     7 |       |       ||     7
         Potion            |       |     1 |     1 ||     2
   Stab: Sleeping          |     3 |     1 |       ||     4
         Paralysed         |       |     2 |       ||     2
 Armour: Leather armour    |    42 |    35 |       ||    77
         Chain mail        |       |     6 |    27 ||    33
         Skin              |       |     1 |       ||     1
  Dodge: Dodged            |    47 |    35 |     9 ||    91

Levels and vault maps discovered:
D:1:      onia_arrival_mini_spirals, layout_loops_corners,
          chequers_serial_rivers_micro_c
D:2:      layout_basic
D:3:      layout_loops_cross, chequers_serial_rivers_small_b
D:4:      layout_basic, nicolae_ru_great_annihilating_truth,
          nzn_wu_jian_contemplation
D:5:      layout_rooms, lemuel_round_altar, mainiacjoe_overflow_alcove_4,
          small_statue_intersection, uniq_ijyb, uniq_pikel
